 Dungeon Crawl Stone Soup version 0.27-a0-1149-g4505690ab0 (webtiles) character file.

Game seed: 11962096019740088447

113465 chippings the Thaumaturge (level 16, -9/117 HPs)
             Began as a Mummy Gladiator on May 13, 2021.
             Was the Champion of Okawaru.
             Mangled by an alligator (17 damage)
             ... on level 3 of the Swamp.
             The game lasted 01:20:12 (26191 turns).

chippings the Thaumaturge (Mummy Gladiator)        Turns: 26191, Time: 01:20:12

Health: -9/117     AC: 21    Str: 31    XL:     16   Next: 14%
Magic:  20/23      EV: 25    Int: 17    God:    Okawaru [******]
Gold:   2604       SH:  8    Dex: 29    Spells: 28/40 levels left

rFire    . . .     SeeInvis +   h - +9 long sword "Roalet" {venom, rPois rCorr Int+4}
rCold    + . .     Faith    .   t - +1 buckler {AC+3}
rNeg     + + +     Spirit   .   m - +5 ring mail {rF+}
rPois    ∞         Reflect  .   C - +2 hat {Stlth+}
rElec    .         Harm     .   A - -1 cloak "Baecyps" {Int+4 Dex+5}
rCorr    +         Rampage  .   J - +3 pair of gloves "Kepseuta" {MP-9 Str+8 SInv Stlth-}
Will     ++...                  X - +0 pair of boots {Fly}
Stlth    +++.......             x - amulet of regeneration
HPRegen  1.29/turn              T - ring of Eceac {Str+5 Dex+6}
MPRegen  0.18/turn              Q - +4 ring of evasion

@: flying, slowed, very slow
A: cold resistance 1, negative energy resistance 3, torment resistance 2, heat
vulnerability 1, in touch with death 1, no potions
a: Renounce Religion, Heroism, Finesse


You were on level 3 of the Swamp.
You worshipped Okawaru.
Okawaru was exalted by your worship.
You visited 5 branches of the dungeon, and saw 26 of its levels.
You also visited: Gauntlet.

You collected 2604 gold pieces.

Inventory:

Hand Weapons
 a - a +2 demon blade of flaming
 h - the +9 long sword "Roalet" (weapon) {venom, rPois rCorr Int+4}
   (Okawaru gifted it to you on level 1 of the Lair of Beasts)

   It poisons the flesh of those it strikes.
   It affects your intelligence (+4).
   It protects you from poison.
   It protects you from acid and corrosion.
 u - a +0 triple sword of protection
Missiles
 d - 3 throwing nets
 g - 5 boomerangs of dispersal
 n - 12 boomerangs (quivered)
 w - 42 poisoned darts
 z - 2 atropa-tipped darts
 D - 11 curare-tipped darts
 H - 23 javelins
 M - 11 datura-tipped darts
 N - 2 silver boomerangs
Armour
 l - a scarf of invisibility
 m - a +5 ring mail of fire resistance (worn)
 t - a +1 buckler of protection (worn)
 A - the -1 cloak "Baecyps" (worn) {Int+4 Dex+5}
   (You found it in a Gauntlet)

   It affects your intelligence (+4).
   It affects your dexterity (+5).
 C - a +2 hat of stealth (worn)
 G - the +0 plate armour of Zucruuck {Rampage rElec rC+}
   (You found it on level 6 of the Lair of Beasts)

   It protects you from cold.
   It insulates you from electricity.
   It bestows one free step when moving towards enemies.
 I - the +0 pair of boots "Roelapn" {rN+ Slay+2}
   (Okawaru gifted it to you on level 4 of the Lair of Beasts)

   It affects your accuracy and damage with ranged weapons and melee attacks
   (+2).
   It protects you from negative energy.
 J - the +3 pair of gloves "Kepseuta" (worn) {MP-9 Str+8 SInv Stlth-}
   (You found it on level 6 of the Lair of Beasts)

   It affects your strength (+8).
   It affects your magic capacity (-9).
   It lets you see invisible.
   It makes you less stealthy.
 X - a +0 pair of boots of flying (worn)
 Z - the -4 pair of boots of Jesmiato {Regen+ Str+2}
   (Okawaru gifted it to you on level 15 of the Dungeon)

   It affects your strength (+2).
   It increases your rate of health regeneration.
Magical Staves
 O - a staff of poison
Jewellery
 x - an amulet of regeneration (around neck)
 B - a ring of protection from fire
 E - a ring of flight
 K - a ring of resist corrosion
 P - a +6 ring of dexterity
 Q - a +4 ring of evasion (right hand)
 T - the ring of Eceac (left hand) {Str+5 Dex+6}
   (You found it in a Gauntlet)

   [ring of dexterity]

   It affects your strength (+5).
   It affects your dexterity (+6).
Wands
 b - a wand of polymorph (48)
 i - a wand of flame (42)
 k - a wand of charming (16)
 o - a wand of iceblast (28)
 F - a wand of paralysis (17)
 U - a wand of acid (8)
Scrolls
 c - 4 scrolls of enchant armour
 e - 11 scrolls of identify
 f - 2 scrolls of magic mapping
 p - 2 scrolls of blinking
 q - 3 scrolls of vulnerability
 r - a scroll of immolation
 s - a scroll of silence
 v - 4 scrolls of amnesia
 y - 3 scrolls of brand weapon
 L - 3 scrolls of fog
 R - 7 scrolls of noise
 S - 2 scrolls of teleportation
Miscellaneous
 j - a lightning rod (4/4)
 Y - a phial of floods


   Skills:
 - Level 8.0 Fighting
 + Level 11.1 Long Blades
 - Level 8.0 Throwing
 + Level 4.8 Armour
 + Level 9.5 Dodging
 - Level 4.0 Stealth
 - Level 4.0 Shields
 + Level 12.9 Spellcasting
 - Level 4.0 Transmutations
 - Level 4.0 Fire Magic
 + Level 9.9 Poison Magic
 - Level 4.0 Invocations
 + Level 6.8 Evocations


You had 28 spell levels left.
You knew the following spells:

 Your Spells              Type           Power      Damage    Failure   Level
a - Sting                 Tmut/Pois      100%       1d8       1%          1
b - Poisonous Vapours     Pois/Air       54%        N/A       1%          2
c - Ignite Poison         Fire/Tmut/Pois 31%        N/A       2%          3
d - Olgreb's Toxic Radia  Pois           44%        N/A       1%          4
e - Passwall              Tmut/Erth      14%        N/A       6%          2

Your spell library contained the following spells:

 Spells                   Type           Power      Damage    Failure   Level
 Mephitic Cloud           Conj/Pois/Air  22%        N/A       7%          3
 Animate Skeleton         Necr           32%        N/A       9%          1
 Apportation              Tloc           20%        N/A       9%          1
 Corona                   Hex            11%        N/A       9%          1
 Sandblast                Erth           20%        2d7       9%          1
 Summon Small Mammal      Summ           40%        N/A       9%          1
 Call Imp                 Summ           10%        N/A       13%         2
 Corpse Rot               Necr/Air       N/A        N/A       13%         2
 Ensorcelled Hibernation  Hex/Ice        20%        N/A       13%         2
 Call Canine Familiar     Summ           10%        N/A       26%         3
 Confusing Touch          Hex            10%        N/A       26%         3
 Dazzling Flash           Conj/Hex       20%        N/A       26%         3
 Stone Arrow              Conj/Erth      20%        3d8       26%         3
 Summon Guardian Golem    Hex/Summ       10%        N/A       26%         3
 Tukima's Dance           Hex            10%        N/A       26%         3
 Petrify                  Tmut/Erth      17%        N/A       36%         4
 Eringya's Noxious Bog    Tmut/Pois      17%        N/A       58%         6
 Animate Armour           Summ/Erth      20%        N/A       65%         4
 Leda's Liquefaction      Hex/Erth       5%         N/A       65%         4
 Summon Ice Beast         Ice/Summ       10%        N/A       65%         4
 Summon Lightning Spire   Summ/Air       10%        N/A       65%         4
 Bolt of Magma            Conj/Fire/Erth 7%         4d6       80%         5
 Lee's Rapid Deconstruct  Erth           5%         3d7*      94%         5
 Summon Forest            Summ/Tloc      5%         N/A       94%         5
 Iron Shot                Conj/Erth      5%         9d2       100%        6
 Summon Hydra             Summ           5%         N/A       100%        7
 Shatter                  Erth           5%         3d8*      100%        9
 Hydra Form               Tmut           Unusable   N/A       N/A         5
 Statue Form              Tmut/Erth      Unusable   N/A       N/A         6

Dungeon Overview and Level Annotations

Branches:
Dungeon (15/15)            Temple (1/1) D:5            Lair (6/6) D:8
  Swamp (3/4) Lair:4        Snake (0/4) Lair:2        Slime (0/5) Lair:6
    Orc (1/2) D:9          Vaults (0/5) D:13         Depths (0/5) D:15
Gauntlet (visited)

Altars:
Ashenzari
Hepliaklqana
Makhleb
Nemelex Xobeh
Okawaru
Sif Muna
Wu Jian
Yredelemnul
The Shining One
Jiyva

Shops:
D:15 (

Annotations:
D:13 3 runed translucent doors, AtomicRavioli's ghost, journeyman NaIE
Lair:6 1 runed translucent door


Innate Abilities, Weirdness & Mutations

You are immune to poison.
Your flesh is cold resistant. (rC+)
You are immune to negative energy. (rN+++)
You are immune to unholy pain and torment.
You are vulnerable to heat. (rF-)
You are in touch with the powers of death.
You do not drink.


Message History

The eleionoma hurls a spray of splinters at you.
The spray of wooden splinters misses you.
You hit the alligator.
The alligator is moderately wounded.
The swamp worm bites you but does no damage.
The alligator bites you! The alligator barely misses you.
The bog body misses you. You block the eleionoma's attack.
The swamp worm closely misses you.
You riposte.
You closely miss the swamp worm.
The swamp worm is heavily wounded.
The alligator bites you!!
* * * LOW HITPOINT WARNING * * *
You block the alligator's attack.
Casting: Ignite Poison (mildly dangerous; 2% risk of failure)
Confirm with . or Enter, or press ? or * to list all spells.
You ignite the poison in your surroundings!
The swamp worm seems to burn from within!!
You kill the swamp worm!
Okawaru accepts your kill.
The eleionoma seems to burn from within!!!
The eleionoma is severely wounded.
The alligator seems to burn from within!!
The alligator is severely wounded.
The bog body closely misses you.
You riposte.
You slash the bog body!
The bog body is heavily damaged.
The eleionoma closely misses you. The alligator closely misses you.
The alligator completely misses you. The bog body barely misses you.
The alligator bites you.
* * * LOW HITPOINT WARNING * * *
You block the alligator's attack.
The eleionoma splashes around in the water.
As you read the scroll of fear, it crumbles to dust.
You assume a fearsome visage.
The alligator easily resists.
The eleionoma resists with almost no effort.
The bog body is unaffected.
The bog body points at you and mumbles some strange words.
The bolt of cold hits you! You resist.
* * * LOW HITPOINT WARNING * * *
The alligator bites you!
You die...

.. ≈.≈..♣
....≈≈.≈≈ ..≈≈
≈≈≈♣♣
≈.≈≈≈♣≈..♣♣
..≈.§...≈.♣
♣≈≈.≈♣.≈♣♣
....≈≈≈♣<≈♣
≈≈.≈≈≈♣≈≈○♣♣
...≈≈§≈.@..♣
≈≈≈§≈..nRt≈♣
≈≈≈≈.§≈≈≈≈..♣
≈≈<.≈≈.≈.≈≈§≈♣
.≈≈≈≈≈.≈≈≈.§.♣
≈≈.≈≈≈♣≈≈≈.≈.♣
.≈≈...≈≈§..≈≈.♣
≈≈≈≈≈"..≈...≈.♣


You could see an eleionoma, an alligator (swift) and a bog body.

Vanquished Creatures
  Gastronok (Lair:1)
  A thorn hunter (Swamp:1)
  Aizul (Swamp:1)
  The ghost of Khashishi the Spear-Bearer, a journeyman OpAr of Qazlal (Lair:5)
  A minotaur (Gauntlet)
  An eleionoma (Swamp:1)
  A green death (Gauntlet)
  A shambling mangrove (Lair:4)
  A great orb of eyes (D:15)
  The ghost of MikuNakano the Spear-Bearer, a journeyman MiFi of Okawaru (D:11)
  2 boulder beetles
  2 rakshasas (D:15)
  A vault guard (D:13)
  2 catoblepae
  10 hydras
  3 two-headed ogres
  8 alligators
  5 centaur warriors
  7 death yaks (Lair:6)
  2 tengu warriors
  A deep troll shaman (Lair:6)
  5 spriggans
  Sonja (Lair:2)
  A goliath frog (Swamp:2)
  3 large abominations (Gauntlet)
  3 spriggan druids (Swamp:1)
  3 bog bodies (Swamp:1)
  A lindwurm (Lair:6)
  2 swamp dragons
  2 deep elf pyromancers
  A wizard (D:13)
  2 orc knights (D:15)
  3 oklob plants
  21 ugly things
  2 manticores
  A will-o-the-wisp (Swamp:1)
  8 cyclopes
  A moth of wrath (Swamp:1)
  20 elephants
  3 black mambas
  A gargoyle (D:12)
  An orange demon (Gauntlet)
  A torpor snail (Lair:6)
  2 unseen horrors (D:10)
  16 cane toads
  An efreet (D:15)
  A yaktaur (D:13)
  2 kobold demonologists
  2 rime drakes
  2 tengu conjurers
  A freezing wraith (D:13)
  17 komodo dragons
  3 meliai (D:13)
  4 trolls
  3 polar bears (Lair:6)
  6 hornets
  A hornet (shapeshifter) (D:14)
  8 blink frogs
  8 tyrant leeches
  6 slime creatures (D:15)
  2 centaur simulacra (D:11)
  A tarantella (shapeshifter) (D:15)
  4 shadows
  2 wyverns
  A wraith (D:12)
  10 basilisks
  A vampire (D:10)
  47 yaks
  6 small abominations (Gauntlet)
  A golden eye (shapeshifter) (D:13)
  A yak (shapeshifter) (D:13)
  12 vampire mosquitoes
  11 swamp worms
  4 wargs (D:15)
  3 acid dragons
  19 water moccasins
  A meliai simulacrum (D:11)
  4 orc warriors
  4 ice beasts
  2 swamp drakes (Swamp:2)
  5 black bears
  A necrophage (D:5)
  3 ogres
  9 centaurs
  7 wolves (Lair:6)
  A phantom (D:7)
  5 kobold brigands
  15 bullfrogs
  A gnoll sergeant (D:9)
  A wyvern zombie (D:9)
  7 earth elementals (D:12)
  A scorpion (D:7)
  A water moccasin zombie (D:5)
  A water moccasin skeleton (D:5)
  9 wights
  10 killer bees
  A howler monkey (D:12)
  A bullfrog zombie (D:7)
  3 centaur zombies
  A hound (D:6)
  6 orc priests
  A gnoll shaman (D:7)
  3 jellies
  2 iguanas (D:5)
  17 orc wizards
  5 hell rats
  A killer bee zombie (D:7)
  A hound skeleton (D:4)
  2 howler monkey zombies
  8 gnolls
  A howler monkey skeleton (D:5)
  7 adders
  2 white imps
  An ufetubus (D:5)
  3 worms (D:2)
  4 dart slugs
  30 orcs
  9 ball pythons
  8 endoplasms
  4 giant cockroaches
  5 goblins
  8 hobgoblins
  13 jackals
  23 kobolds
  7 bats
  3 frilled lizards
  6 rats
  A spectral orc (D:3)
622 creatures vanquished.

Vanquished Creatures (others)
  An alligator (Swamp:1)
  A bloated husk (Swamp:1)
  A bush (Lair:4)
  19 demonic plants (Gauntlet)
  18 foxfires (Swamp:1)
  37 fungi
  46 plants
123 creatures vanquished.

Grand Total: 745 creatures vanquished

Notes
Turn   | Place    | Note
-------+----------+-------------------------------------------
     0 | D:1      | chippings the Mummy Gladiator began the quest for the Orb.
     0 | D:1      | Reached XP level 1. HP: 16/16 MP: 1/1
   306 | D:1      | Reached XP level 2. HP: 22/22 MP: 2/2
   894 | D:1      | Reached XP level 3. HP: 28/28 MP: 3/3
  1524 | D:2      | Reached XP level 4. HP: 24/34 MP: 4/4
  1563 | D:2      | HP: 1/34 [orc priest/+0 hand axe (6)]
  2207 | D:2      | Reached XP level 5. HP: 38/41 MP: 5/5
  3019 | D:3      | You fall into a shaft and drop 1 floor!
  3385 | D:3      | Found a basalt altar of Yredelemnul.
  3702 | D:4      | Found an iron altar of Okawaru.
  3717 | D:4      | Reached XP level 6. HP: 48/48 MP: 6/6
  3720 | D:4      | Became a worshipper of Warmaster Okawaru
  3824 | D:4      | Reached skill level 5 in Long Blades
  4554 | D:5      | Entered Level 5 of the Dungeon
  4676 | D:5      | Found a staircase to the Ecumenical Temple.
  4685 | Temple   | Entered the Ecumenical Temple
  4875 | D:5      | You fall into a shaft and drop 3 floors!
  4905 | D:8      | Reached * piety under Okawaru
  4906 | D:8      | Reached XP level 7. HP: 52/55 MP: 4/7
  5562 | D:7      | Identified a scroll of acquirement
  5562 | D:7      | Acquired 966 gold pieces
  6267 | D:5      | Reached skill level 5 in Fighting
  6388 | D:5      | Reached XP level 8. HP: 58/62 MP: 8/8
  7505 | D:7      | Reached ** piety under Okawaru
  7520 | D:7      | Learned a level 1 spell: Sting
  7913 | D:7      | Reached skill level 1 in Spellcasting
  8017 | D:7      | Reached skill level 1 in Poison Magic
  8129 | D:7      | Noticed a two-headed ogre
  8168 | D:6      | Reached skill level 2 in Spellcasting
  8168 | D:6      | Reached XP level 9. HP: 56/69 MP: 8/12
  8392 | D:6      | Reached *** piety under Okawaru
  8553 | D:7      | Killed a two-headed ogre
  8553 | D:7      | Reached **** piety under Okawaru
  8554 | D:7      | Reached skill level 3 in Spellcasting
  8619 | D:7      | Noticed a troll
  8629 | D:7      | Killed a troll
  8743 | D:7      | Reached skill level 4 in Spellcasting
  8990 | D:8      | Found a sparkling altar of Nemelex Xobeh.
  9187 | D:8      | Reached skill level 1 in Invocations
  9220 | D:8      | Received a gift from Okawaru
  9520 | D:8      | Found a staircase to the Lair.
  9539 | D:9      | Reached XP level 10. HP: 55/77 MP: 16/16
  9578 | D:9      | Found a hazy altar of Hepliaklqana.
  9601 | D:9      | Learned a level 2 spell: Poisonous Vapours
  9605 | D:9      | Learned a level 3 spell: Ignite Poison
  9610 | D:9      | Learned a level 4 spell: Olgreb's Toxic Radiance
  9704 | D:9      | Found a staircase to the Orcish Mines.
  9717 | D:9      | Found a shimmering blue altar of Sif Muna.
  9747 | D:9      | Found an ornate altar of the Wu Jian Council.
 10288 | D:9      | Found a broken altar of Ashenzari.
 10304 | Orc:1    | Entered Level 1 of the Orcish Mines
 10318 | D:9      | Reached skill level 1 in Stealth
 10365 | D:8      | Reached ***** piety under Okawaru
 10370 | D:8      | Reached skill level 5 in Spellcasting
 10779 | Lair:1   | Entered Level 1 of the Lair of Beasts
 10779 | Lair:1   | Noticed a cane toad
 10783 | Lair:1   | Killed a cane toad
 10901 | Lair:1   | Received a gift from Okawaru
 10968 | Lair:1   | Noticed an eight-headed hydra
 10992 | Lair:1   | Killed a six-headed hydra
 11026 | Lair:1   | Noticed a cane toad
 11045 | Lair:1   | Killed a cane toad
 11050 | Lair:1   | Reached skill level 6 in Spellcasting
 11067 | Lair:1   | Reached XP level 11. HP: 83/85 MP: 20/20
 11181 | Lair:1   | Reached ****** piety under Okawaru
 11216 | Lair:1   | Noticed a six-headed hydra
 11228 | Lair:1   | Killed a two-headed hydra
 11228 | Lair:1   | Identified the +9 long sword "Roalet" {venom, rPois rCorr
                  | Int+4} (Okawaru gifted it to you on level 1 of the Lair of
                  | Beasts)
 11228 | Lair:1   | Received a gift from Okawaru
 11431 | Lair:1   | Noticed an eight-headed hydra
 11433 | Lair:1   | Noticed Gastronok
 11472 | Lair:1   | Killed a six-headed hydra
 11473 | Lair:1   | Reached skill level 1 in Transmutations
 11473 | Lair:1   | Reached skill level 1 in Fire Magic
 11473 | Lair:1   | Reached skill level 5 in Poison Magic
 11521 | Lair:1   | Killed Gastronok
 11521 | Lair:1   | Received a gift from Okawaru
 11522 | Lair:1   | Reached skill level 7 in Spellcasting
 11862 | Lair:2   | Noticed an eight-headed hydra
 11872 | Lair:2   | Killed a seven-headed hydra
 11873 | Lair:2   | Reached skill level 10 in Long Blades
 11873 | Lair:2   | Reached skill level 5 in Throwing
 11938 | Lair:2   | Noticed Sonja
 11954 | Lair:2   | Killed Sonja
 11972 | Lair:2   | Reached XP level 12. HP: 92/92 MP: 11/23
 12090 | Lair:2   | Found a staircase to the Snake Pit.
 12195 | Lair:2   | Received a gift from Okawaru
 12798 | Lair:3   | Noticed a four-headed hydra
 12938 | Lair:3   | Found a burning altar of Makhleb.
 13154 | Lair:3   | Reached skill level 5 in Dodging
 13420 | Lair:3   | Killed a one-headed hydra
 13420 | Lair:3   | Received a gift from Okawaru
 13421 | Lair:3   | Reached skill level 8 in Spellcasting
 13920 | Lair:4   | Found a staircase to the Swamp.
 14043 | Lair:4   | Noticed a shambling mangrove
 14043 | Lair:4   | an oklob plant changed into a shambling mangrove
 14553 | Lair:5   | Noticed a seven-headed hydra
 14613 | Lair:5   | Killed a four-headed hydra
 14613 | Lair:5   | Received a gift from Okawaru
 14614 | Lair:5   | Gained mutation: You are in touch with the powers of death.
                  | [Mummy growth]
 14614 | Lair:5   | Reached XP level 13. HP: 37/98 MP: 25/25
 15047 | Lair:5   | Found an ornate altar of the Wu Jian Council.
 15506 | Lair:4   | Identified the +0 pair of boots "Roelapn" {rN+ Slay+2}
                  | (Okawaru gifted it to you on level 4 of the Lair of Beasts)
 15506 | Lair:4   | Received a gift from Okawaru
 16216 | Lair:6   | Entered Level 6 of the Lair of Beasts
 16217 | Lair:6   | Found a runed translucent gate.
 16218 | Lair:6   | Found a runed translucent gate.
 16224 | Lair:6   | Noticed Khashishi's ghost (journeyman OpAr)
 16232 | Lair:6   | Found a runed translucent gate.
 16256 | Lair:6   | Reached skill level 9 in Spellcasting
 16264 | Lair:5   | Killed Khashishi's ghost
 16296 | Lair:6   | Identified the +3 pair of gloves "Kepseuta" {MP-9 Str+8
                  | SInv Stlth-}
 16406 | Lair:6   | Reached skill level 1 in Evocations
 16619 | Lair:6   | Found a runed translucent door.
 16620 | Lair:6   | Found a viscous altar of Jiyva.
 16620 | Lair:6   | Noticed an acid blob
 16621 | Lair:6   | Noticed an acid blob
 16624 | Lair:6   | Noticed an acid blob
 16641 | Lair:6   | Found a staircase to the Slime Pits.
 16642 | Lair:6   | Noticed an acid blob
 16741 | Lair:6   | Reached skill level 10 in Spellcasting
 16765 | Lair:6   | Reached XP level 14. HP: 98/105 MP: 14/28
 17084 | Lair:6   | Received a gift from Okawaru
 17137 | Lair:6   | Received a gift from Okawaru
 17161 | Lair:6   | Reached skill level 11 in Spellcasting
 17319 | Lair:6   | Identified the +0 plate armour of Zucruuck {Rampage rElec
                  | rC+}
 17665 | D:10     | Entered Level 10 of the Dungeon
 17931 | D:10     | Received a gift from Okawaru
 18527 | D:11     | Found a runed translucent gate.
 18534 | D:11     | Found a runed translucent gate.
 18535 | D:11     | Found a runed translucent gate.
 18581 | D:11     | Noticed MikuNakano's ghost (journeyman MiFi)
 18601 | D:11     | Killed MikuNakano's ghost
 19425 | D:12     | Reached skill level 1 in Armour
 19618 | D:12     | Reached skill level 5 in Evocations
 20074 | D:12     | Identified the +5 trident of Abuse {pain, rC+ rCorr Stlth+}
 20153 | D:12     | You fall into a shaft and drop 1 floor!
 20797 | D:13     | Found a runed translucent gate.
 20799 | D:13     | Found a runed translucent gate.
 20816 | D:13     | Found a runed translucent gate.
 21150 | D:13     | Received a gift from Okawaru
 21168 | D:13     | Reached skill level 12 in Spellcasting
 21215 | D:13     | Found a gate to the Vaults.
 21321 | D:13     | Noticed AtomicRavioli's ghost (journeyman NaIE)
 21630 | D:14     | Reached XP level 15. HP: 99/110 MP: 4/31
 21637 | D:14     | Reached skill level 1 in Shields
 22496 | D:15     | Entered Level 15 of the Dungeon
 22653 | D:15     | Found a gate leading to a gauntlet.
 22722 | Gauntlet | Entered a Gauntlet
 22722 | Gauntlet | Found a transporter.
 22722 | Gauntlet | Found a transporter.
 22722 | Gauntlet | Found a transporter.
 22743 | Gauntlet | Found a transporter.
 22759 | Gauntlet | Found a transporter.
 22761 | Gauntlet | Found a transporter.
 22779 | Gauntlet | Found the brooch of Shielding {Spirit SH+8}
 22780 | Gauntlet | Found a transporter.
 22795 | Gauntlet | Found a transporter.
 22812 | Gauntlet | Found a transporter.
 22816 | Gauntlet | Found a transporter.
 22830 | Gauntlet | Found a transporter.
 22834 | Gauntlet | Found a transporter.
 23039 | Gauntlet | Identified the -1 cloak "Baecyps" {Int+4 Dex+5}
 23078 | Gauntlet | Identified the ring of Eceac {Str+5 Dex+6}
 23243 | D:15     | Found Mutap's Antique Weapon Shop.
 23714 | D:15     | Identified the -4 pair of boots of Jesmiato {Regen+ Str+2}
                  | (Okawaru gifted it to you on level 15 of the Dungeon)
 23714 | D:15     | Received a gift from Okawaru
 24077 | D:15     | Found a staircase to the Depths.
 24431 | Swamp:1  | Entered Level 1 of the Swamp
 24539 | Swamp:1  | Noticed a thorn hunter
 24553 | Swamp:1  | Killed a thorn hunter
 25072 | Swamp:1  | Noticed Aizul
 25234 | Swamp:1  | Killed Aizul
 25395 | Swamp:1  | Learned a level 2 spell: Passwall
 25439 | Swamp:1  | Reached XP level 16. HP: 39/117 MP: 20/32
 25789 | Swamp:2  | Identified the +2 robe of Ysop {rF+ rC++ rN+ Str-2}
 26191 | Swamp:3  | Mangled by an alligator

Illustrated notes

Levels and vault maps discovered:
D:1:      amcnicky_arrival_double_pillar, layout_basic, serial_curves,
          eino_curves_04, eino_curves_04, eino_curves_04, eino_curves_01,
          hangedman_abyss_or_decor_stabs, patterned_corridor
D:2:      layout_basic, minmay_mini_jars
D:3:      layout_loops_ring, yredelemnul_forgotten_temple_becter, st_stairs_10,
          minmay_misc_feat_square
D:4:      layout_gridville, okawaru_ov_weapons_minmay, hangedman_decor_lopped
D:5:      layout_loops_ring, temple_fountains
D:6:      layout_basic, fountainhead, minmay_misc_feat_rugged
D:7:      minmay_slanted_spiral_squares, layout_loops_ring, tso_oasis_becter
D:8:      layout_loops_ring, nemelex_spade_bored_becter, david_lair_generic
D:9:      layout_stronghold, lemuel_crystal_altar, kennysheep_mini_moat,
          lemuel_doored_altar, lemuel_tele_altar, orc_0_dummy
D:10:     layout_stronghold, corner_web_ring
D:11:     layout_basic, gammafunk_ghost_icy
D:12:     layout_grid_maze, hangedman_cracks_in_the_wall
D:13:     layout_irregular_city, david_vaults_5, gammafunk_ghost_spectres
D:14:     layout_cave_pods, chequers_serial_rivers_micro_d,
          kennysheep_cluttered_room
D:15:     gammafunk_enter_depths_forms, layout_basic, gauntlet_entry_generic,
          serial_shops, nicolae_shop_behind_doors
Temple:   jpeg_temple_clearing
Lair:1:   layout_cave_shapes, minivault_24, beast_lair_carwin_11,
          serial_bayou_shore_a, uniq_gastronok
Lair:2:   layout_hall_layers, dummy_snake_entry, grunt_megastairs_1,
          serial_bayou_shore_b, uniq_sonja
Lair:3:   layout_regular_city, basic_altar
Lair:4:   layout_regular_city, minmay_swamp_entry_worms, serial_rivers,
          chequers_serial_rivers_large_a, chequers_serial_rivers_micro_e,
          chequers_serial_rivers_small_a, chequers_serial_rivers_small_a,
          chequers_serial_rivers_small_b, chequers_serial_rivers_micro_c,
          dpeg_oklob_1, serial_bayou_shore_b
Lair:5:   layout_cave_pods, lemuel_oklob_altar, grunt_megastairs_3
Lair:6:   grunt_lair_end_beastmaster, layout_gridlike, slime_altar_2,
          gammafunk_ghost_split
Swamp:1:  layout_basic_swamp, nicolae_swamp_big_swirl, swamp_pool5,
          worms_lemuel, uniq_aizul
Swamp:2:  layout_falls_marsh, evilmike_swamp_ruin_house_4
Swamp:3:  layout_falls_marsh, evilmike_swamp_ruin_house_3
Orc:1:    layout_caves, gammafunk_ghost_arena, serial_shops, shop

Skill      XL: |  1  2  3  4  5  6  7  8  9 10 11 12 13 14 15 |
---------------+----------------------------------------------+-----
Long Blades    | 3 4 5 6 7 8 9 10 11 | 11.1
Fighting       | 3 4 5 6 7 8 |  8.0
Throwing       | 2 3 4 5 6 8 |  8.0
Dodging        | 3 4 6 8 9 |  9.5
Spellcasting   | 2 4 6 7 8 10 12 | 12.9
Poison Magic   | 1 3 4 5 6 8 9 |  9.9
Invocations    | 1 3 4 |  4.0
Stealth        | 2 4 |  4.0
Transmutations | 2 4 |  4.0
Fire Magic     | 2 4 |  4.0
Evocations     | 2 5 6 |  6.8
Armour         | 2 4 |  4.8
Shields        | 4 |  4.0

Action                   |  1- 3 |  4- 6 |  7- 9 | 10-12 | 13-15 | 16-18 || total
-------------------------+-------+-------+-------+-------+-------+-------++-------
Melee: Long sword        |   134 |   173 |    11 |   222 |   906 |    51 ||  1497
       Dagger            |       |    50 |     5 |       |       |       ||    55
       Scimitar          |       |       |   276 |   175 |    76 |       ||   527
       Punch             |       |       |       |     3 |     2 |       ||     5
       Demon blade       |       |       |       |       |    31 |       ||    31
Throw: Dart              |       |       |     8 |     2 |     2 |       ||    12
       Javelin           |       |       |     3 |    32 |     3 |       ||    38
       Throwing net      |       |       |     1 |       |       |       ||     1
       Boomerang         |       |       |       |    19 |     4 |       ||    23
 Cast: Poisonous Vapours |       |       |       |     2 |     1 |       ||     3
       Sting             |       |       |       |     1 |       |       ||     1
       Ignite Poison     |       |       |       |    13 |    45 |     7 ||    65
       Olgreb's Toxic Ra |       |       |       |     4 |    25 |     2 ||    31
Invok: Heroism           |       |       |     3 |     7 |     8 |       ||    18
       Finesse           |       |       |       |       |     2 |       ||     2
 Abil: Evoke Invisibilit |       |       |       |       |     1 |       ||     1
Evoke: Wand              |       |       |       |     6 |       |       ||     6
  Use: Scroll            |       |     7 |     3 |    13 |     7 |     1 ||    31
 Stab: Sleeping          |       |       |       |     2 |    10 |     2 ||    14
       Distracted        |       |       |       |       |     1 |       ||     1
       Invisible         |       |       |       |       |    12 |       ||    12
Armor: Chain mail        |    76 |   100 |       |       |       |       ||   176
       Leather armour    |     2 |       |       |       |       |       ||     2
       Ring mail         |       |    46 |   126 |   157 |   311 |    15 ||   655
Dodge: Dodged            |    48 |   125 |   171 |   249 |   785 |    80 ||  1458
Block: Buckler           |       |       |       |       |   121 |    23 ||   144
       Rpst.: Long sword |    13 |    26 |     4 |    40 |   183 |    15 ||   281
       Scimitar          |       |       |    50 |    26 |    23 |       ||    99

Table legend: (Time is in decaauts)
 A = Elapsed time spent in this place.
 B = Non-inter-level travel time spent in this place.
 C = Inter-level travel time spent in this place.
 D = Time resting spent in this place.
 E = Time spent auto-exploring this place.
 F = Levels seen in this place.
 G = Mean time per level.
                   A        B        C        D        E       F      G
               +--------+--------+--------+--------+--------+-----+--------+
         Total |  26096 |  24781 |   1315 |   1224 |  15631 |  27 |  966.5 |
       Dungeon |  17155 |  16274 |    881 |    839 |  10969 |  15 | 1143.7 |
        Temple |      4 |      4 |      0 |      0 |      0 |   1 |    4.0 |
          Lair |   6879 |   6477 |    402 |    307 |   3771 |   6 | 1146.5 |
         Swamp |   1675 |   1643 |     32 |     74 |    891 |   3 |  558.3 |
  Orcish Mines |      8 |      8 |      0 |      0 |      0 |   1 |    8.0 |
      Gauntlet |    373 |    373 |      0 |      4 |      0 |   1 |  373.0 |
               +--------+--------+--------+--------+--------+-----+--------+

Top non-repeatable levels by time:
     D:2: 1785 daAuts
     D:7: 1686 daAuts
     D:6: 1551 daAuts
  Lair:4: 1404 daAuts
    D:12: 1387 daAuts
  Lair:6: 1274 daAuts
     D:8: 1242 daAuts
    D:15: 1224 daAuts
  Lair:5: 1202 daAuts
 Swamp:1: 1138 daAuts
  Lair:2: 1086 daAuts
    D:14: 1066 daAuts
    D:13: 1036 daAuts
     D:5: 1027 daAuts
  Lair:1: 1022 daAuts
